Stars vs Bruins
(R1)
Created - October 22, 2020 at 19:19
Goals
|
Stars |
0 |
1 |
1 |
2 |
Bruins |
2 |
1 |
1 |
4 |
|
Shots
|
Stars |
14 |
9 |
15 |
38 |
Bruins |
11 |
7 |
7 |
25 |
|
1st period
1. Bruins , Jonathan Toews 3 (Zack Kassian 2, Wojtek Wolski 3) at 8:42 (PP)
2. Bruins , Wojtek Wolski 1 (Jonathan Toews 2, Zack Kassian 3) at 12:02
Penalties :
Michael Grabner (Dal) for Tripping (Minor) at 3:33, Paul Ladue (Dal) for Roughing (Minor) at 8:27
2nd period
3. Bruins , Dave Bolland 2 (Jason Demers 2, Scott Hartnell 2) at 1:23 (PP)
4. Stars , Michael Grabner 1 (John Tavares 2, Brian Lee 1) at 19:24 (PP)
Penalties :
Guillaume Latendresse (Dal) for Tripping (Minor) at 0:14, Mike Ribeiro (Bos) for Slashing (Minor) at 13:55, B.J. Crombeen (Dal) for Hooking (Minor) at 16:01, Ian Cole (Bos) for Delaying the game (Minor) at 18:37
3rd period
5. Bruins , Scott Hartnell 1 (Slava Voynov 2, Kris Chucko 1) at 5:57
6. Stars , Evgeny Grachev 2 (B.J. Crombeen 2) at 17:25
Penalties :
Victor Oreskovich (Bos) for Tripping (Minor) at 3:55, Guillaume Latendresse (Dal) for Interference (Minor) at 13:08, Michael Grabner (Dal) for Hooking (Minor) at 17:42, Victor Oreskovich (Bos) for Hooking (Minor) at 18:32
Goalie Stats
Cory Schneider (Dal), 21 saves from 25 shots - (0.840), L, 1-1-0, 60:00 minutes
Kevin Poulin (Bos), 36 saves from 38 shots - (0.947), W, 1-1-0, 60:00 minutes
Players Stats for Stars
Player Name G A P +/- PIM S H SB GA TA FO MP PP MP PK MP
------------------------------------------------------------------------------------
Alex Chiasson 0 0 0 0 0 2 1 0 1 0 0/0 13:06 2:04 0:00
Alexander Frolov 0 0 0 1 0 3 4 0 0 0 1/1 15:57 0:00 3:35
Antoine Vermette 0 0 0 0 0 0 2 0 1 0 3/7 14:32 2:04 1:26
B.J. Crombeen 0 1 1 1 2 3 1 0 0 2 0/0 12:33 0:05 0:00
Boris Valabik 0 0 0 -1 0 0 2 2 0 1 0/0 18:59 2:00 2:42
Brian Lee 0 1 1 0 0 3 2 2 0 0 0/0 27:36 3:03 5:29
Cam Atkinson 0 0 0 -1 0 2 0 0 0 0 0/0 7:41 0:04 0:00
Cory Emmerton 0 0 0 -1 0 2 0 0 0 0 0/2 7:53 0:09 0:00
Evgeny Grachev 1 0 1 1 0 3 0 0 0 0 1/6 12:50 0:05 0:00
Guillaume Latendresse 0 0 0 -1 4 3 2 0 1 0 2/3 20:41 2:50 2:35
Ian White 0 0 0 0 0 0 2 3 2 1 0/0 27:36 3:03 5:29
John Tavares 0 1 1 -2 0 6 0 1 0 1 17/34 23:09 2:54 4:50
Jussi Jokinen 0 0 0 0 0 4 1 2 1 0 0/0 16:46 2:04 3:20
Michael Grabner 1 0 1 -1 4 4 2 0 0 0 1/1 17:44 2:50 0:27
Paul Ladue 0 0 0 0 2 0 0 1 0 1 0/0 13:24 0:00 0:00
Shane O'Brien 0 0 0 -1 0 1 3 0 0 0 0/0 18:59 2:00 2:42
Ted Purcell 0 0 0 0 0 1 0 0 0 0 0/0 7:43 0:00 0:09
Tyson Barrie 0 0 0 0 0 1 0 0 0 0 0/0 13:25 0:00 0:00
Players Stats for Bruins
Player Name G A P +/- PIM S H SB GA TA FO MP PP MP PK MP
------------------------------------------------------------------------------------
Brendan Smith 0 0 0 -1 0 0 0 2 0 1 0/0 24:49 5:06 2:25
Casey Cizikas 0 0 0 1 0 0 0 0 1 0 1/2 6:37 0:00 0:34
Dan Hamhuis 0 0 0 1 0 0 0 3 1 1 0/0 20:06 3:05 2:35
Dave Bolland 1 0 1 0 0 2 2 0 0 1 4/11 18:04 3:46 0:00
Ian Cole 0 0 0 0 2 0 0 1 0 0 0/0 11:41 0:00 0:00
Jason Demers 0 1 1 -1 0 4 2 2 0 2 0/0 28:06 5:06 2:25
Johnny Boychuk 0 0 0 1 0 2 1 2 1 0 0/0 20:06 3:05 2:35
Jonathan Toews 1 1 2 0 0 5 1 0 0 1 14/24 18:53 4:25 0:34
Kris Chucko 0 1 1 -1 0 1 1 0 0 0 0/0 7:30 0:00 1:19
Matt Read 0 0 0 0 0 0 2 0 0 0 0/0 12:15 0:07 0:09
Mike Ribeiro 0 0 0 0 2 0 1 0 0 0 4/5 12:17 0:07 0:09
Samuel Morin 0 0 0 1 0 0 0 0 0 0 0/0 3:23 0:00 0:03
Scott Hartnell 1 1 2 1 0 1 2 1 0 0 0/0 19:09 3:46 0:37
Slava Voynov 0 1 1 1 0 0 0 0 0 0 0/0 11:48 0:00 0:03
T.J Galiardi 0 0 0 0 0 0 1 0 1 0 0/0 12:49 0:00 1:03
Victor Oreskovich 0 0 0 1 4 2 2 0 1 0 0/0 18:05 3:45 0:00
Wojtek Wolski 1 1 2 1 0 6 2 0 1 0 5/11 26:13 4:18 2:52
Zack Kassian 0 2 2 0 0 2 1 2 0 0 1/1 21:53 4:18 2:49
3 Stars
1 - Scott Hartnell (Bos)
2 - Wojtek Wolski (Bos)
3 - Kevin Poulin (Bos)
Power Play
Stars - 1 on 4 Attempt(s) - 25.00%
Bruins - 2 on 6 Attempt(s) - 33.33%
Penalty Kill
Stars - 4 on 6 Attempt(s) - 66.67%
- Score 0 goal in Penalty Kill
Bruins - 3 on 4 Attempt(s) - 75.00%
- Score 0 goal in Penalty Kill
Team Stat
Stars - Hits : 22 - Faceoff Wins : 25 - Blocked Shots : 11 - Penalty Minutes : 12
Bruins - Hits : 18 - Faceoff Wins : 29 - Blocked Shots : 13 - Penalty Minutes : 8
Official
Referees : Unknown
Linesman : Unknown
Game Notes
19:24 of 2nd period - Stars goal is going for a video replay. After video review, Goal.
Finance
Level 1 -- Attendance: 4537 (75.62%) -- Ticket Income $562,588
Level 2 -- Attendance: 3705 (74.10%) -- Ticket Income $277,875
Level 3 -- Attendance: 1579 (78.95%) -- Ticket Income $69,476
Level 4 -- Attendance: 3895 (97.38%) -- Ticket Income $112,955
Luxury Box -- Attendance: 778 (77.80%) -- Ticket Income $170,382
Game was played at the TD Banknorth Garden.
Total Attendance: 14494 (80.52%)
Total Ticket Income: $1,193,276
Other Income: $178,991
Total Income: $1,372,267
Stars
5 vs 5 Forward
Center Left Wing Right Wing Time % Phy DF OF
1 John Tavares Guillaume Latendresse Michael Grabner 40 1 2 2
2 Antoine Vermette Jussi Jokinen Alex Chiasson 30 1 2 2
3 Evgeny Grachev Alexander Frolov B.J. Crombeen 20 1 2 2
4 Cory Emmerton Ted Purcell Cam Atkinson 10 1 2 2
5 vs 5 Defense
Defense Defense Time % Phy DF OF
1 Ian White Brian Lee 40 1 2 2
2 Boris Valabik Shane O'Brien 30 1 2 2
3 Tyson Barrie Paul Ladue 20 1 2 2
4 Ian White Brian Lee 10 1 2 2
PowerPlay Forward
Center Left Wing Right Wing Time % Phy DF OF
1 John Tavares Guillaume Latendresse Michael Grabner 60 1 2 2
2 Antoine Vermette Jussi Jokinen Alex Chiasson 40 1 2 2
PowerPlay Defense
Defense Defense Time % Phy DF OF
1 Ian White Brian Lee 60 1 2 2
2 Boris Valabik Shane O'Brien 40 1 2 2
Penalty Kill 4 Players Forward
Center Wing Time % Phy DF OF
1 John Tavares Guillaume Latendresse 60 1 2 2
2 Jussi Jokinen Michael Grabner 40 1 2 2
Penalty Kill 4 Players Defense
Defense Defense Time % Phy DF OF
1 Ian White Brian Lee 60 1 2 2
2 Boris Valabik Shane O'Brien 40 1 2 2
Penalty Kill - 3 Players Forward
Forward Time % Phy DF OF
1 John Tavares 60 1 2 2
2 Guillaume Latendresse 40 1 2 2
Penalty Kill - 3 Players Defense
Defense Defense Time % Phy DF OF
1 Ian White Brian Lee 60 1 2 2
2 Boris Valabik Shane O'Brien 40 1 2 2
4 vs 4 Forward
Center Wing Time % Phy DF OF
1 John Tavares Guillaume Latendresse 60 1 2 2
2 Jussi Jokinen Michael Grabner 40 1 2 2
4 vs 4 Defense
Defense Defense Time % Phy DF OF
1 Ian White Brian Lee 60 1 2 2
2 Boris Valabik Shane O'Brien 40 1 2 2
Last Minutes Offensive
Center Left Wing Right Wing Defense Defense
John Tavares Guillaume Latendresse Michael Grabner Ian White Brian Lee
Last Minutes Defensive
Center Left Wing Right Wing Defense Defense
John Tavares Guillaume Latendresse Michael Grabner Ian White Brian Lee
Goaltenders
Starting : Cory Schneider
Backup : Matt Murray
Extra Forwards
Normal : Evgeny Grachev, Cory Emmerton, Alexander Frolov - PP : Evgeny Grachev, Cory Emmerton - PK : Alexander Frolov
Extra Defensemen
Normal : Tyson Barrie, Paul Ladue, Boris Valabik - PP : Tyson Barrie - PK : Paul Ladue, Boris Valabik
Penalty Shots
John Tavares, Guillaume Latendresse, Jussi Jokinen, Michael Grabner, Antoine Vermette
Scratches
Andrej Sustr (Healthy), Damien Brunner (Healthy)
Bruins
5 vs 5 Forward
Center Left Wing Right Wing Time % Phy DF OF
1 Jonathan Toews Wojtek Wolski Zack Kassian 40 1 2 2
2 Dave Bolland Scott Hartnell Victor Oreskovich 30 1 2 2
3 Mike Ribeiro T.J Galiardi Matt Read 20 1 2 2
4 Casey Cizikas Kris Chucko Wojtek Wolski 10 1 2 2
5 vs 5 Defense
Defense Defense Time % Phy DF OF
1 Jason Demers Brendan Smith 40 1 2 2
2 Johnny Boychuk Dan Hamhuis 30 1 2 2
3 Ian Cole Slava Voynov 20 1 2 2
4 Samuel Morin Jason Demers 10 1 2 2
PowerPlay Forward
Center Left Wing Right Wing Time % Phy DF OF
1 Jonathan Toews Wojtek Wolski Zack Kassian 60 1 2 2
2 Dave Bolland Scott Hartnell Victor Oreskovich 40 1 2 2
PowerPlay Defense
Defense Defense Time % Phy DF OF
1 Jason Demers Brendan Smith 60 1 2 2
2 Johnny Boychuk Dan Hamhuis 40 1 2 2
Penalty Kill 4 Players Forward
Center Wing Time % Phy DF OF
1 Wojtek Wolski Zack Kassian 60 1 2 2
2 Jonathan Toews Scott Hartnell 40 1 2 2
Penalty Kill 4 Players Defense
Defense Defense Time % Phy DF OF
1 Jason Demers Brendan Smith 60 1 2 2
2 Johnny Boychuk Dan Hamhuis 40 1 2 2
Penalty Kill - 3 Players Forward
Forward Time % Phy DF OF
1 Wojtek Wolski 60 1 2 2
2 Zack Kassian 40 1 2 2
Penalty Kill - 3 Players Defense
Defense Defense Time % Phy DF OF
1 Jason Demers Brendan Smith 60 1 2 2
2 Johnny Boychuk Dan Hamhuis 40 1 2 2
4 vs 4 Forward
Center Wing Time % Phy DF OF
1 Wojtek Wolski Zack Kassian 60 1 2 2
2 Jonathan Toews Scott Hartnell 40 1 2 2
4 vs 4 Defense
Defense Defense Time % Phy DF OF
1 Jason Demers Brendan Smith 60 1 2 2
2 Johnny Boychuk Dan Hamhuis 40 1 2 2
Last Minutes Offensive
Center Left Wing Right Wing Defense Defense
Jonathan Toews Wojtek Wolski Zack Kassian Jason Demers Brendan Smith
Last Minutes Defensive
Center Left Wing Right Wing Defense Defense
Jonathan Toews Wojtek Wolski Zack Kassian Jason Demers Brendan Smith
Goaltenders
Starting : Kevin Poulin
Backup : Josh Tordjman
Extra Forwards
Normal : Mike Ribeiro, Matt Read, T.J Galiardi - PP : Mike Ribeiro, Matt Read - PK : T.J Galiardi
Extra Defensemen
Normal : Ian Cole, Slava Voynov, Samuel Morin - PP : Ian Cole - PK : Slava Voynov, Samuel Morin
Penalty Shots
Wojtek Wolski, Zack Kassian, Jonathan Toews, Scott Hartnell, Victor Oreskovich
Scratches
Rene Bourque (Right Knee Injury)
% Time on Ice - Stars
Lines # - Real PCT - Wanted PCT - Time Play
Normal Forward
1 - 32% - 40% - 14:43
2 - 24% - 30% - 11:02
3 - 27% - 20% - 12:18
4 - 17% - 10% - 7:34
Normal Defense
1 - 37% - 40% - 16:49
2 - 30% - 30% - 13:36
3 - 29% - 20% - 13:25
4 - 4% - 10% - 1:47
PP Forward
1 - 59% - 60% - 2:59
2 - 41% - 40% - 2:04
PP Defense
1 - 60% - 60% - 3:03
2 - 40% - 40% - 2:00
PK Forward
1 - 80% - 60% - 6:34
2 - 20% - 40% - 1:37
PK Defense
1 - 67% - 60% - 5:29
2 - 33% - 40% - 2:42
PK3 Forward
1 - 0% - 60%
2 - 0% - 40%
PK3 Defense
1 - 0% - 60%
2 - 0% - 40%
44 Forward
1 - 71% - 60% - 0:49
2 - 29% - 40% - 0:20
44 Defense
1 - 41% - 60% - 0:28
2 - 59% - 40% - 0:41
Last Minute Offensive - 0:00
Last Minute Defensive - 0:00
Total
Forward - 60:00
Defense - 60:00
|
% Time on Ice - Bruins
Lines # - Real PCT - Wanted PCT - Time Play
Normal Forward
1 - 30% - 40% - 13:32
2 - 32% - 30% - 14:25
3 - 26% - 20% - 11:40
4 - 13% - 10% - 6:00
Normal Defense
1 - 37% - 40% - 16:49
2 - 30% - 30% - 13:49
3 - 26% - 20% - 11:42
4 - 7% - 10% - 3:17
PP Forward
1 - 54% - 60% - 4:25
2 - 46% - 40% - 3:46
PP Defense
1 - 62% - 60% - 5:06
2 - 38% - 40% - 3:05
PK Forward
1 - 89% - 60% - 4:29
2 - 11% - 40% - 0:34
PK Defense
1 - 49% - 60% - 2:28
2 - 51% - 40% - 2:35
PK3 Forward
1 - 0% - 60%
2 - 0% - 40%
PK3 Defense
1 - 0% - 60%
2 - 0% - 40%
44 Forward
1 - 74% - 60% - 0:51
2 - 26% - 40% - 0:18
44 Defense
1 - 46% - 60% - 0:32
2 - 54% - 40% - 0:37
Last Minute Offensive - 0:00
Last Minute Defensive - 0:00
Total
Forward - 60:00
Defense - 60:00
|
Play-by-Play
1st period
0:01 of 1st period - John Tavares wins face-off versus Jonathan Toews in neutral zone.
0:16 of 1st period - Snap shot by John Tavares.
0:16 of 1st period - Shot Misses the Net.
0:47 of 1st period - Wrist shot by Zack Kassian.
0:47 of 1st period - Stopped by Cory Schneider without a rebound.
0:48 of 1st period - Dave Bolland wins face-off versus Antoine Vermette in Stars zone.
0:49 of 1st period - Snap shot by Scott Hartnell.
0:49 of 1st period - Shot Misses the Net.
1:05 of 1st period - Slapshot by Jussi Jokinen.
1:05 of 1st period - Stopped by Kevin Poulin with a rebound.
1:57 of 1st period - Off-side.
1:58 of 1st period - Wojtek Wolski wins face-off versus Cory Emmerton in neutral zone.
2:03 of 1st period - Snap shot by Zack Kassian.
2:03 of 1st period - Shot Blocked by Brian Lee.
2:25 of 1st period - Dave Bolland is hit by Guillaume Latendresse and loses puck.
2:44 of 1st period - Snap shot by T.J Galiardi.
2:44 of 1st period - Shot Blocked by Jussi Jokinen.
3:00 of 1st period - Slapshot by B.J. Crombeen.
3:00 of 1st period - Stopped by Kevin Poulin with a rebound.
3:26 of 1st period - Slapshot by Wojtek Wolski.
3:26 of 1st period - Shot Blocked by Boris Valabik.
3:33 of 1st period - Minor Penalty to Michael Grabner for Tripping.
3:34 of 1st period - Jonathan Toews wins face-off versus John Tavares in Stars zone.
3:46 of 1st period - Guillaume Latendresse is hit by Zack Kassian.
5:33 of 1st period - Penalty to Michael Grabner is over, Michael Grabner is back on ice.
6:30 of 1st period - Wrist shot by Guillaume Latendresse.
6:30 of 1st period - Stopped by Kevin Poulin without a rebound.
6:31 of 1st period - John Tavares wins face-off versus Dave Bolland in Bruins zone.
6:32 of 1st period - Wrist shot by Michael Grabner.
6:32 of 1st period - Stopped by Kevin Poulin with a rebound.
7:24 of 1st period - Slapshot by Evgeny Grachev.
7:24 of 1st period - Deflect By Alexander Frolov.
7:24 of 1st period - Stopped by Kevin Poulin with a rebound.
8:17 of 1st period - Mike Ribeiro is hit by Jussi Jokinen and loses puck.
8:27 of 1st period - Minor Penalty to Paul Ladue for Roughing.
8:28 of 1st period - Guillaume Latendresse wins face-off versus Jonathan Toews in Stars zone.
8:32 of 1st period - Snap shot by John Tavares.
8:32 of 1st period - Stopped by Kevin Poulin with a rebound.
8:38 of 1st period - Slapshot by Zack Kassian.
8:38 of 1st period - Shot Blocked by Ian White.
8:40 of 1st period - Wrist shot by Jonathan Toews.
8:40 of 1st period - Stopped by Cory Schneider with a rebound.
8:42 of 1st period - Snap shot by Zack Kassian.
8:42 of 1st period - Deflect By Jonathan Toews.
8:42 of 1st period - Goal by Jonathan Toews - Stars : 0 - Bruins : 1.
8:43 of 1st period - Zack Kassian wins face-off versus John Tavares in neutral zone.
8:48 of 1st period - Wrist shot by Jonathan Toews.
8:48 of 1st period - Stopped by Cory Schneider with a rebound.
9:16 of 1st period - Slapshot by Jussi Jokinen.
9:16 of 1st period - Stopped by Kevin Poulin with a rebound.
9:20 of 1st period - Wrist shot by Jussi Jokinen.
9:20 of 1st period - Shot Misses the Net.
9:22 of 1st period - Slapshot by Brian Lee.
9:22 of 1st period - Stopped by Kevin Poulin without a rebound.
9:23 of 1st period - Jonathan Toews wins face-off versus Evgeny Grachev in Bruins zone.
9:30 of 1st period - Snap shot by Alexander Frolov.
9:30 of 1st period - Deflect By B.J. Crombeen.
9:30 of 1st period - Shot Hit the Post.
9:30 of 1st period - Puck is out of play.
9:31 of 1st period - Jonathan Toews wins face-off versus Evgeny Grachev in Bruins zone.
9:59 of 1st period - Snap shot by Wojtek Wolski.
9:59 of 1st period - Shot Misses the Net.
10:01 of 1st period - Slapshot by Jason Demers.
10:01 of 1st period - Shot Misses the Net.
10:03 of 1st period - Slapshot by Jason Demers.
10:03 of 1st period - Deflect By Wojtek Wolski.
10:03 of 1st period - Stopped by Cory Schneider without a rebound.
10:04 of 1st period - John Tavares wins face-off versus Dave Bolland in Stars zone.
10:16 of 1st period - Snap shot by Dave Bolland.
10:16 of 1st period - Shot Blocked by John Tavares.
10:18 of 1st period - Snap shot by Johnny Boychuk.
10:18 of 1st period - Stopped by Cory Schneider without a rebound.
10:19 of 1st period - Antoine Vermette wins face-off versus Jonathan Toews in Stars zone.
10:46 of 1st period - Ian White is hit by Jason Demers and loses puck.
10:53 of 1st period - Snap shot by Victor Oreskovich.
10:53 of 1st period - Stopped by Cory Schneider without a rebound.
10:54 of 1st period - John Tavares wins face-off versus Dave Bolland in Stars zone.
11:25 of 1st period - Snap shot by Jussi Jokinen.
11:25 of 1st period - Stopped by Kevin Poulin without a rebound.
11:26 of 1st period - Jonathan Toews wins face-off versus Antoine Vermette in Bruins zone.
12:02 of 1st period - Slapshot by Wojtek Wolski.
12:02 of 1st period - Goal by Wojtek Wolski - Stars : 0 - Bruins : 2.
12:03 of 1st period - John Tavares wins face-off versus Dave Bolland in neutral zone.
12:43 of 1st period - Snap shot by Wojtek Wolski.
12:43 of 1st period - Stopped by Cory Schneider with a rebound.
12:53 of 1st period - Dan Hamhuis is hit by Alexander Frolov and loses puck.
13:00 of 1st period - Backhand shot by Evgeny Grachev.
13:00 of 1st period - Stopped by Kevin Poulin with a rebound.
13:42 of 1st period - Snap shot by Victor Oreskovich.
13:42 of 1st period - Stopped by Cory Schneider with a rebound.
13:56 of 1st period - T.J Galiardi is hit by Antoine Vermette and loses puck.
14:27 of 1st period - Snap shot by Alexander Frolov.
14:27 of 1st period - Shot Misses the Net.
14:53 of 1st period - Snap shot by Jussi Jokinen.
14:53 of 1st period - Shot Hit the Post.
14:55 of 1st period - Wrist shot by Antoine Vermette.
14:55 of 1st period - Shot Blocked by Dan Hamhuis.
14:57 of 1st period - Wrist shot by Shane O'Brien.
14:57 of 1st period - Stopped by Kevin Poulin with a rebound.
14:59 of 1st period - Wrist shot by Alex Chiasson.
14:59 of 1st period - Stopped by Kevin Poulin with a rebound.
15:52 of 1st period - Jussi Jokinen is hit by Dave Bolland and loses puck.
16:05 of 1st period - Wrist shot by Ted Purcell.
16:05 of 1st period - Shot Blocked by Jason Demers.
16:32 of 1st period - Ian Cole is hit by B.J. Crombeen.
16:42 of 1st period - Johnny Boychuk is hit by Guillaume Latendresse.
16:59 of 1st period - Paul Ladue is hit by Kris Chucko and loses puck.
17:06 of 1st period - Snap shot by Casey Cizikas.
17:06 of 1st period - Shot Misses the Net.
17:16 of 1st period - Evgeny Grachev is hit by Wojtek Wolski and loses puck.
18:41 of 1st period - Snap shot by Kris Chucko.
18:41 of 1st period - Stopped by Cory Schneider with a rebound.
19:27 of 1st period - Snap shot by Jussi Jokinen.
19:27 of 1st period - Stopped by Kevin Poulin with a rebound.
19:29 of 1st period - Snap shot by Alex Chiasson.
19:29 of 1st period - Stopped by Kevin Poulin with a rebound.
Goals for this period are 0 for Stars vs 2 for Bruins.
Shots for this period are 14 for Stars vs 11 for Bruins.
2nd period
0:01 of 2nd period - Jonathan Toews wins face-off versus John Tavares in neutral zone.
0:14 of 2nd period - Minor Penalty to Guillaume Latendresse for Tripping.
0:15 of 2nd period - John Tavares wins face-off versus Jonathan Toews in Stars zone.
1:13 of 2nd period - Slapshot by Dave Bolland.
1:13 of 2nd period - Stopped by Cory Schneider with a rebound.
1:15 of 2nd period - Backhand shot by Jason Demers.
1:15 of 2nd period - Stopped by Cory Schneider with a rebound.
1:17 of 2nd period - Wrist shot by Dave Bolland.
1:17 of 2nd period - Shot Hit the Post.
1:19 of 2nd period - Slapshot by Dave Bolland.
1:19 of 2nd period - Shot Misses the Net.
1:21 of 2nd period - Slapshot by Jason Demers.
1:21 of 2nd period - Shot Blocked by Boris Valabik.
1:23 of 2nd period - Snap shot by Dave Bolland.
1:23 of 2nd period - Goal by Dave Bolland - Stars : 0 - Bruins : 3.
1:24 of 2nd period - John Tavares wins face-off versus Jonathan Toews in neutral zone.
1:29 of 2nd period - Snap shot by John Tavares.
1:29 of 2nd period - Stopped by Kevin Poulin without a rebound.
1:30 of 2nd period - Jonathan Toews wins face-off versus Guillaume Latendresse in Bruins zone.
1:30 of 2nd period - Jonathan Toews is hit by Ian White.
1:35 of 2nd period - Off-side.
1:36 of 2nd period - Jonathan Toews wins face-off versus John Tavares in neutral zone.
1:52 of 2nd period - Off-side.
1:53 of 2nd period - Antoine Vermette wins face-off versus Dave Bolland in neutral zone.
2:19 of 2nd period - Jonathan Toews is hit by Shane O'Brien.
3:21 of 2nd period - Antoine Vermette is hit by Scott Hartnell and loses puck.
3:30 of 2nd period - Wrist shot by Jussi Jokinen.
3:30 of 2nd period - Deflect By Victor Oreskovich.
3:30 of 2nd period - Shot Blocked by Scott Hartnell.
3:30 of 2nd period - Puck is out of play.
3:31 of 2nd period - Mike Ribeiro wins face-off versus John Tavares in Bruins zone.
3:38 of 2nd period - Tyson Barrie is hit by Matt Read and loses puck.
3:45 of 2nd period - Wrist shot by T.J Galiardi.
3:45 of 2nd period - Shot Misses the Net.
3:47 of 2nd period - Snap shot by Mike Ribeiro.
3:47 of 2nd period - Shot Blocked by Paul Ladue.
4:00 of 2nd period - Icing by Paul Ladue.
4:01 of 2nd period - Jonathan Toews wins face-off versus Antoine Vermette in Stars zone.
4:09 of 2nd period - Off-side.
4:10 of 2nd period - John Tavares wins face-off versus Jonathan Toews in neutral zone.
4:27 of 2nd period - Wrist shot by Michael Grabner.
4:27 of 2nd period - Stopped by Kevin Poulin with a rebound.
4:47 of 2nd period - Wrist shot by Dave Bolland.
4:47 of 2nd period - Shot Misses the Net.
4:49 of 2nd period - Snap shot by Scott Hartnell.
4:49 of 2nd period - Deflect By Antoine Vermette.
4:49 of 2nd period - Shot Blocked by Jussi Jokinen.
4:49 of 2nd period - Puck is out of play.
4:50 of 2nd period - Mike Ribeiro wins face-off versus John Tavares in Stars zone.
5:05 of 2nd period - Snap shot by John Tavares.
5:05 of 2nd period - Stopped by Kevin Poulin with a rebound.
5:07 of 2nd period - Wrist shot by Guillaume Latendresse.
5:07 of 2nd period - Stopped by Kevin Poulin with a rebound.
5:34 of 2nd period - Icing by Zack Kassian.
5:35 of 2nd period - Evgeny Grachev wins face-off versus Jonathan Toews in Bruins zone.
5:38 of 2nd period - Wrist shot by John Tavares.
5:38 of 2nd period - Deflect By Michael Grabner.
5:38 of 2nd period - Shot Misses the Net.
5:38 of 2nd period - Puck is out of play.
5:39 of 2nd period - Wojtek Wolski wins face-off versus John Tavares in Bruins zone.
5:39 of 2nd period - Wojtek Wolski is hit by Michael Grabner.
5:55 of 2nd period - Snap shot by John Tavares.
5:55 of 2nd period - Shot Blocked by Dan Hamhuis.
6:09 of 2nd period - Slapshot by Alex Chiasson.
6:09 of 2nd period - Shot Blocked by Johnny Boychuk.
7:39 of 2nd period - Wrist shot by Evgeny Grachev.
7:39 of 2nd period - Shot Blocked by Brendan Smith.
7:53 of 2nd period - Paul Ladue is hit by Mike Ribeiro and loses puck.
8:09 of 2nd period - Icing by Mike Ribeiro.
8:10 of 2nd period - Antoine Vermette wins face-off versus Dave Bolland in Bruins zone.
8:35 of 2nd period - Snap shot by Ian White.
8:35 of 2nd period - Shot Misses the Net.
8:37 of 2nd period - Snap shot by John Tavares.
8:37 of 2nd period - Shot Blocked by Zack Kassian.
9:19 of 2nd period - Dave Bolland is hit by Boris Valabik and loses puck.
10:41 of 2nd period - B.J. Crombeen is hit by Scott Hartnell and loses puck.
10:54 of 2nd period - Snap shot by Evgeny Grachev.
10:54 of 2nd period - Stopped by Kevin Poulin without a rebound.
10:55 of 2nd period - John Tavares wins face-off versus Casey Cizikas in Bruins zone.
10:58 of 2nd period - Slapshot by Michael Grabner.
10:58 of 2nd period - Shot Misses the Net.
11:56 of 2nd period - Snap shot by Jonathan Toews.
11:56 of 2nd period - Shot Hit the Post.
11:58 of 2nd period - Slapshot by Johnny Boychuk.
11:58 of 2nd period - Stopped by Cory Schneider with a rebound.
12:33 of 2nd period - Snap shot by Cam Atkinson.
12:33 of 2nd period - Deflect By T.J Galiardi.
12:33 of 2nd period - Stopped by Kevin Poulin without a rebound.
12:34 of 2nd period - Michael Grabner wins face-off versus Mike Ribeiro in Bruins zone.
13:22 of 2nd period - Tyson Barrie is hit by Jonathan Toews and loses puck.
13:27 of 2nd period - Wrist shot by Jonathan Toews.
13:27 of 2nd period - Stopped by Cory Schneider with a rebound.
13:29 of 2nd period - Snap shot by Jonathan Toews.
13:29 of 2nd period - Stopped by Cory Schneider with a rebound.
13:31 of 2nd period - Snap shot by Jonathan Toews.
13:31 of 2nd period - Shot Misses the Net.
13:33 of 2nd period - Slapshot by Johnny Boychuk.
13:33 of 2nd period - Shot Misses the Net.
13:55 of 2nd period - Minor Penalty to Mike Ribeiro for Slashing.
13:56 of 2nd period - John Tavares wins face-off versus Wojtek Wolski in Bruins zone.
14:48 of 2nd period - Dan Hamhuis is hit by Boris Valabik and loses puck.
15:53 of 2nd period - Johnny Boychuk is hit by Ian White and loses puck.
15:55 of 2nd period - Penalty to Mike Ribeiro is over, Mike Ribeiro is back on ice.
16:00 of 2nd period - Wrist shot by Evgeny Grachev.
16:00 of 2nd period - Shot Blocked by Johnny Boychuk.
16:01 of 2nd period - Minor Penalty to B.J. Crombeen for Hooking.
16:02 of 2nd period - John Tavares wins face-off versus Jonathan Toews in Stars zone.
16:13 of 2nd period - Backhand shot by Jonathan Toews.
16:13 of 2nd period - Shot Blocked by Ian White.
17:07 of 2nd period - Guillaume Latendresse is hit by Victor Oreskovich.
17:21 of 2nd period - Victor Oreskovich is hit by Alexander Frolov and loses puck.
18:01 of 2nd period - Penalty to B.J. Crombeen is over, B.J. Crombeen is back on ice.
18:37 of 2nd period - Minor Penalty to Ian Cole for Delaying the game.
18:38 of 2nd period - John Tavares wins face-off versus Wojtek Wolski in Bruins zone.
18:43 of 2nd period - Snap shot by Michael Grabner.
18:43 of 2nd period - Stopped by Kevin Poulin without a rebound.
18:44 of 2nd period - John Tavares wins face-off versus Wojtek Wolski in Bruins zone.
18:54 of 2nd period - Icing by Ian White.
18:55 of 2nd period - Wojtek Wolski wins face-off versus John Tavares in Stars zone.
19:06 of 2nd period - Wrist shot by Wojtek Wolski.
19:06 of 2nd period - Shot Misses the Net.
19:16 of 2nd period - Slapshot by Brian Lee.
19:16 of 2nd period - Stopped by Kevin Poulin with a rebound.
19:20 of 2nd period - Snap shot by John Tavares.
19:20 of 2nd period - Shot Misses the Net.
19:24 of 2nd period - Snap shot by Michael Grabner.
19:24 of 2nd period - Stars goal is going for a video replay.
19:24 of 2nd period - The goal is good.
19:24 of 2nd period - Goal by Michael Grabner - Stars : 1 - Bruins : 3.
19:25 of 2nd period - Jonathan Toews wins face-off versus John Tavares in neutral zone.
19:38 of 2nd period - Slapshot by Jonathan Toews.
19:38 of 2nd period - Shot Misses the Net.
19:40 of 2nd period - Snap shot by Jonathan Toews.
19:40 of 2nd period - Shot Misses the Net.
19:42 of 2nd period - Snap shot by Wojtek Wolski.
19:42 of 2nd period - Stopped by Cory Schneider with a rebound.
Goals for this period are 1 for Stars vs 1 for Bruins.
Shots for this period are 9 for Stars vs 7 for Bruins.
3rd period
0:01 of 3rd period - Jonathan Toews wins face-off versus John Tavares in neutral zone.
0:06 of 3rd period - Snap shot by Jason Demers.
0:06 of 3rd period - Stopped by Cory Schneider with a rebound.
0:55 of 3rd period - Alexander Frolov is hit by T.J Galiardi.
1:30 of 3rd period - Dave Bolland is hit by Brian Lee and loses puck.
2:11 of 3rd period - Icing by Evgeny Grachev.
2:12 of 3rd period - Dave Bolland wins face-off versus Evgeny Grachev in Stars zone.
2:39 of 3rd period - Alexander Frolov is hit by Jason Demers.
2:43 of 3rd period - Tyson Barrie is hit by Dave Bolland.
3:28 of 3rd period - Slapshot by Tyson Barrie.
3:28 of 3rd period - Stopped by Kevin Poulin with a rebound.
3:34 of 3rd period - Slapshot by B.J. Crombeen.
3:34 of 3rd period - Shot Misses the Net.
3:48 of 3rd period - Snap shot by B.J. Crombeen.
3:48 of 3rd period - Shot Misses the Net.
3:55 of 3rd period - Minor Penalty to Victor Oreskovich for Tripping.
3:56 of 3rd period - John Tavares wins face-off versus Wojtek Wolski in Bruins zone.
4:12 of 3rd period - Snap shot by Guillaume Latendresse.
4:12 of 3rd period - Stopped by Kevin Poulin with a rebound.
4:30 of 3rd period - Zack Kassian is hit by Shane O'Brien and loses puck.
5:55 of 3rd period - Penalty to Victor Oreskovich is over, Victor Oreskovich is back on ice.
5:57 of 3rd period - Snap shot by Slava Voynov.
5:57 of 3rd period - Deflect By Scott Hartnell.
5:57 of 3rd period - Goal by Scott Hartnell - Stars : 1 - Bruins : 4.
5:58 of 3rd period - Jonathan Toews wins face-off versus Cory Emmerton in neutral zone.
6:47 of 3rd period - Guillaume Latendresse is hit by Matt Read and loses puck.
7:31 of 3rd period - Alexander Frolov is hit by Wojtek Wolski.
8:21 of 3rd period - Snap shot by John Tavares.
8:21 of 3rd period - Shot Blocked by Zack Kassian.
8:23 of 3rd period - Snap shot by Boris Valabik.
8:23 of 3rd period - Shot Blocked by Jason Demers.
8:43 of 3rd period - Dave Bolland is hit by Alex Chiasson and loses puck.
8:56 of 3rd period - Wrist shot by Cory Emmerton.
8:56 of 3rd period - Stopped by Kevin Poulin with a rebound.
8:58 of 3rd period - Snap shot by Ted Purcell.
8:58 of 3rd period - Stopped by Kevin Poulin with a rebound.
9:00 of 3rd period - Snap shot by Cory Emmerton.
9:00 of 3rd period - Stopped by Kevin Poulin with a rebound.
9:02 of 3rd period - Snap shot by Cam Atkinson.
9:02 of 3rd period - Stopped by Kevin Poulin with a rebound.
9:20 of 3rd period - Snap shot by John Tavares.
9:20 of 3rd period - Stopped by Kevin Poulin without a rebound.
9:21 of 3rd period - Dave Bolland wins face-off versus John Tavares in Bruins zone.
9:21 of 3rd period - Dave Bolland is hit by Michael Grabner.
10:39 of 3rd period - Snap shot by Wojtek Wolski.
10:39 of 3rd period - Deflect By Zack Kassian.
10:39 of 3rd period - Stopped by Cory Schneider without a rebound.
10:40 of 3rd period - Mike Ribeiro wins face-off versus John Tavares in Stars zone.
11:07 of 3rd period - Jonathan Toews is hit by Antoine Vermette and loses puck.
11:28 of 3rd period - Wrist shot by Alexander Frolov.
11:28 of 3rd period - Stopped by Kevin Poulin with a rebound.
11:30 of 3rd period - Wrist shot by B.J. Crombeen.
11:30 of 3rd period - Shot Misses the Net.
11:32 of 3rd period - Snap shot by B.J. Crombeen.
11:32 of 3rd period - Deflect By Evgeny Grachev.
11:32 of 3rd period - Shot Blocked by Brendan Smith.
11:32 of 3rd period - Puck is out of play.
11:33 of 3rd period - Mike Ribeiro wins face-off versus Evgeny Grachev in Bruins zone.
11:33 of 3rd period - Mike Ribeiro is hit by Alexander Frolov.
11:57 of 3rd period - Ian Cole is hit by Alexander Frolov and loses puck.
12:36 of 3rd period - Slapshot by Alexander Frolov.
12:36 of 3rd period - Shot Blocked by Ian Cole.
12:38 of 3rd period - Snap shot by Evgeny Grachev.
12:38 of 3rd period - Deflect By B.J. Crombeen.
12:38 of 3rd period - Stopped by Kevin Poulin with a rebound.
12:40 of 3rd period - Snap shot by B.J. Crombeen.
12:40 of 3rd period - Stopped by Kevin Poulin with a rebound.
12:42 of 3rd period - Slapshot by Paul Ladue.
12:42 of 3rd period - Shot Misses the Net.
12:44 of 3rd period - Wrist shot by Alexander Frolov.
12:44 of 3rd period - Stopped by Kevin Poulin without a rebound.
12:45 of 3rd period - John Tavares wins face-off versus Wojtek Wolski in Bruins zone.
12:54 of 3rd period - Slapshot by Wojtek Wolski.
12:54 of 3rd period - Stopped by Cory Schneider with a rebound.
13:08 of 3rd period - Minor Penalty to Guillaume Latendresse for Interference.
13:09 of 3rd period - Jonathan Toews wins face-off versus John Tavares in Stars zone.
13:14 of 3rd period - Snap shot by Wojtek Wolski.
13:14 of 3rd period - Stopped by Cory Schneider with a rebound.
13:16 of 3rd period - Slapshot by Jason Demers.
13:16 of 3rd period - Shot Blocked by Ian White.
13:18 of 3rd period - Wrist shot by Wojtek Wolski.
13:18 of 3rd period - Shot Misses the Net.
13:22 of 3rd period - Snap shot by Jonathan Toews.
13:22 of 3rd period - Shot Misses the Net.
13:24 of 3rd period - Slapshot by Jason Demers.
13:24 of 3rd period - Stopped by Cory Schneider without a rebound.
13:25 of 3rd period - Alexander Frolov wins face-off versus Jonathan Toews in Stars zone.
13:44 of 3rd period - Wrist shot by John Tavares.
13:44 of 3rd period - Stopped by Kevin Poulin without a rebound.
13:45 of 3rd period - John Tavares wins face-off versus Dave Bolland in Bruins zone.
13:58 of 3rd period - Snap shot by Dave Bolland.
13:58 of 3rd period - Shot Misses the Net.
14:10 of 3rd period - Brendan Smith is hit by Brian Lee and loses puck.
14:37 of 3rd period - Antoine Vermette is hit by Johnny Boychuk.
14:49 of 3rd period - Shane O'Brien is hit by Victor Oreskovich.
15:08 of 3rd period - Penalty to Guillaume Latendresse is over, Guillaume Latendresse is back on ice.
15:13 of 3rd period - Brendan Smith is hit by Shane O'Brien.
15:38 of 3rd period - Off-side.
15:39 of 3rd period - Casey Cizikas wins face-off versus John Tavares in neutral zone.
16:31 of 3rd period - Off-side.
16:32 of 3rd period - Dave Bolland wins face-off versus Evgeny Grachev in neutral zone.
16:49 of 3rd period - Snap shot by Evgeny Grachev.
16:49 of 3rd period - Shot Misses the Net.
17:07 of 3rd period - Backhand shot by Matt Read.
17:07 of 3rd period - Shot Misses the Net.
17:09 of 3rd period - Slapshot by Mike Ribeiro.
17:09 of 3rd period - Shot Misses the Net.
17:11 of 3rd period - Slapshot by T.J Galiardi.
17:11 of 3rd period - Shot Blocked by Brian Lee.
17:25 of 3rd period - Wrist shot by Evgeny Grachev.
17:25 of 3rd period - Goal by Evgeny Grachev - Stars : 2 - Bruins : 4.
17:26 of 3rd period - Jonathan Toews wins face-off versus John Tavares in neutral zone.
17:29 of 3rd period - Slapshot by Brendan Smith.
17:29 of 3rd period - Shot Misses the Net.
17:31 of 3rd period - Slapshot by Jason Demers.
17:31 of 3rd period - Stopped by Cory Schneider without a rebound.
17:32 of 3rd period - Jonathan Toews wins face-off versus John Tavares in Stars zone.
17:42 of 3rd period - Minor Penalty to Michael Grabner for Hooking.
17:43 of 3rd period - John Tavares wins face-off versus Jonathan Toews in Stars zone.
18:32 of 3rd period - Minor Penalty to Victor Oreskovich for Hooking.
18:33 of 3rd period - Guillaume Latendresse wins face-off versus Wojtek Wolski in Bruins zone.
18:34 of 3rd period - Snap shot by John Tavares.
18:34 of 3rd period - Shot Blocked by Dan Hamhuis.
18:36 of 3rd period - Snap shot by Guillaume Latendresse.
18:36 of 3rd period - Deflect By John Tavares.
18:36 of 3rd period - Stopped by Kevin Poulin without a rebound.
18:37 of 3rd period - Wojtek Wolski wins face-off versus John Tavares in Bruins zone.
19:42 of 3rd period - Penalty to Michael Grabner is over, Michael Grabner is back on ice.
19:50 of 3rd period - Slapshot by Brian Lee.
19:50 of 3rd period - Stopped by Kevin Poulin without a rebound.
19:51 of 3rd period - Wojtek Wolski wins face-off versus Antoine Vermette in Bruins zone.
Goals for this period are 1 for Stars vs 1 for Bruins.
Shots for this period are 15 for Stars vs 7 for Bruins.